 Dungeon Crawl Stone Soup version 0.28.0-47-ge53b351184 (webtiles) character file.

Game seed: 11141129160674080435

6661 pkoi the Destroyer (level 10, -15/77 HPs)
             Began as a Demigod Conjurer on May 1, 2022.
             Demolished by a boulder beetle (30 damage)
             ... on level 9 of the Dungeon on May 2, 2022.
             The game lasted 00:23:19 (17259 turns).

pkoi the Destroyer (Demigod Conjurer)              Turns: 17259, Time: 00:23:19

Health: -15/77     AC:  8    Str:  8    XL:     10   Next: 45%
Magic:  12/27      EV: 13    Int: 32    God:
Gold:   458        SH:  5    Dex: 12    Spells: 5/16 levels left

rFire   + . .      SeeInvis .   k - +3 short sword (speed)
rCold   + . .      Faith    .   (no shield)
rNeg    . . .      Spirit   .   x - +1 robe {rC+ rF+}
rPois   +          Reflect  +   n - +1 helmet
rElec   .          Harm     .   r - +2 cloak
rCorr   .          Rampage  .   (no gloves)
Will    +....                   (no boots)
Stlth   ++........              i - amulet of reflection
HPRegen 0.22/turn               e - ring of poison resistance
MPRegen 0.20/turn               y - ring of magical power

@: slowed, very slow
A: high MP 1, forlorn, divine attributes
a: no special abilities


You were on level 9 of the Dungeon.
You visited 2 branches of the dungeon, and saw 10 of its levels.
You also visited: Sewer and Bailey.

You collected 458 gold pieces.

Inventory:

Hand Weapons
 h - a +0 whip of electrocution
 k - a +3 short sword of speed (weapon)
 D - the +5 shortbow of Resourcefulness {flame, Dex+4}
   (You found it on level 8 of the Dungeon)

   Any ammunition fired from it burns those it strikes, dealing additional fire
   damage.
   Dex:       It affects your dexterity (+4).
Missiles
 z - 35 poisoned darts
Armour
 n - a +1 helmet (worn)
 r - a +2 cloak (worn)
 x - a +1 robe of resistance (worn)
Jewellery
 e - a ring of poison resistance (left hand)
 i - an amulet of reflection (around neck)
 y - a ring of magical power (right hand)
Wands
 a - a wand of paralysis (14)
 c - a wand of iceblast (7)
 s - a wand of flame (18)
 w - a wand of mindburst (15)
 E - a wand of polymorph (10)
 H - a wand of digging (8)
Scrolls
 b - a scroll of holy word
 t - 4 scrolls of teleportation
 u - 3 scrolls of blinking
 A - a scroll of fog
 C - a scroll of enchant armour
 I - 2 scrolls of enchant weapon
Potions
 d - 4 potions of brilliance
 g - 3 potions of cancellation
 j - 3 potions of curing
 m - 3 potions of invisibility
 o - 6 potions of heal wounds
 p - 2 potions of resistance
 q - 4 potions of flight
 v - a potion of berserk rage
 B - 5 potions of might
 F - 2 potions of mutation
 G - a potion of magic


   Skills:
 - Level 3.0 Fighting
 + Level 2.9 Short Blades
 - Level 3.0 Armour
 - Level 4.0 Dodging
 + Level 2.9 Stealth
 + Level 3.5 Spellcasting
 + Level 9.6 Conjurations
 + Level 5.8 Hexes
 + Level 5.7 Translocations
 + Level 3.7 Evocations


You had 5 spell levels left.
You knew the following spells:

 Your Spells              Type           Power      Damage    Failure   Level
a - Magic Dart            Conj           100%       1d8       1%          1
b - Searing Ray           Conj           100%       2d8       1%          2
c - Iskenderun's Mystic   Conj/Tloc      53%        2d11      2%          4
d - Fulminant Prism       Conj/Hex       26%        3d14      2%          4

Your spell library contained the following spells:

 Spells                   Type           Power      Damage    Failure   Level
 Dazzling Flash           Conj/Hex       100%       N/A       1%          3
 Gell's Gravitas          Tloc           42%        N/A       1%          3
 Teleport Other           Tloc           42%        N/A       1%          3
 Summon Guardian Golem    Hex/Summ       24%        N/A       5%          3
 Silence                  Hex/Air        12%        N/A       43%         5
 Agony                    Necr           5%         N/A       86%         5
 Dispersal                Tloc           21%        N/A       65%         6
 Orb of Destruction       Conj           30%        9d10      67%         7
 Spellforged Servitor     Conj/Summ      18%        N/A       100%        7


Dungeon Overview and Level Annotations

Branches:
Dungeon (9/15)             Temple (1/1) D:4            Lair (0/6) D:9
  Sewer (visited)          Bailey (visited)
    Orc: D:9-12

Annotations:
D:2 Sigmund
D:3 1 runed translucent door, Crazy Yiuf


Innate Abilities, Weirdness & Mutations

You have an increased reservoir of magic. (+10% MP)
You shall have no god before yourself.
Your divine heritage dramatically boosts your attributes as you level up.


Message History

The kobold brigand is almost dead.
You hear a shout!
Unknown command.
Unknown command.
Casting: Fulminant Prism (dangerous; 2% risk of failure)
Confirm with . or Enter, or press ? or * to list all spells.
Aiming: Fulminant Prism (dangerous; 2% risk of failure)
Press: ? - help, Dir - move target You conjure a prism of explosive energy!
A fulminant prism comes into view.
The kobold brigand throws a curare-tipped dart.
The curare-tipped dart hits you.
You have difficulty breathing.
You feel yourself slow down.
The boulder beetle waves its antennae.
Your fulminant prism crackles loudly.
The kobold brigand hits you with a +0 dagger.
You completely miss the kobold brigand.
The kobold brigand is almost dead.
The boulder beetle curls into a ball and begins rolling!
Your fulminant prism explodes!
The blast of energy engulfs the kobold brigand!!
You kill the kobold brigand!
The boulder beetle hits you!!!
Ouch! That really hurt!
* * * LOW HITPOINT WARNING * * *
The boulder beetle stops rolling and uncurls.
The boulder beetle curls into a ball and begins rolling!
Casting: Fulminant Prism (dangerous; 2% risk of failure)
Confirm with . or Enter, or press ? or * to list all spells.
You erupt in a blast of force!
The mystic blast hits the boulder beetle!
The boulder beetle is heavily wounded.
The boulder beetle is knocked back by the mystic blast.
The boulder beetle slams into the rock wall!
The boulder beetle is heavily wounded.
The boulder beetle barely misses you.
The boulder beetle stops rolling and uncurls.
The boulder beetle curls into a ball and begins rolling!
The boulder beetle hits you!!
You die...

##### ####..## ....##
###.### .....#######
##.....#
#.....#.##.####......#####
#.....#....(#.....##..#..###
............#).o###........#
..........#...##○..........#
.........##.#.##B.#.##....##
..........o.####@.#..>.(..#
..........#......#()#..####
#.##....>.#..#.....######.##
...##...).##......)...#....#
..###..#[.)#...>...........#
..##..####........)....#..##
#.###. #.).)).......####.#
.# . ....#)).......## ###
###...............#


You could see a boulder beetle (rolling) and an orc priest.

Vanquished Creatures
  A two-headed ogre (D:9)
  Pikel (D:5)
  Maurice (D:9)
  A troll (D:9)
  2 hornets
  Prince Ribbit (D:6)
  Grinder (D:4)
  Eustachio (D:5)
  A wyvern (D:8)
  A wraith (D:8)
  Menkaure (D:4)
  A steam dragon (D:8)
  An acid dragon (D:8)
  2 orc warriors
  A water moccasin (D:8)
  An ice beast (D:6)
  2 ogres
  A sky beast (D:6)
  A black bear (D:8)
  3 centaurs
  3 kobold brigands
  Blork the orc (D:6)
  2 gnoll sergeants (D:8)
  3 scorpions
  5 killer bees (D:8)
  6 wights (D:8)
  8 howler monkeys
  3 centaur zombies
  4 hounds
  3 jellies
  An orc priest (D:6)
  2 centaur skeletons
  6 orc wizards
  4 iguanas
  2 killer bee zombies
  A hound skeleton (D:2)
  A howler monkey zombie (D:7)
  Robin (D:4)
  A howler monkey skeleton (D:4)
  18 gnolls
  12 adders
  4 river rats (Sewer)
  A shadow imp (D:7)
  A white imp (D:7)
  2 ufetubi
  An adder skeleton (D:4)
  5 worms
  A dart slug (D:1)
  26 orcs
  11 ball pythons
  7 bats
  A bat skeleton (D:2)
  7 endoplasms
  11 giant cockroaches
  17 goblins
  5 hobgoblins
  4 jackals (Sewer)
  5 quokkas
  5 frilled lizards
  18 kobolds
  9 rats
253 creatures vanquished.

Vanquished Creatures (others)
  34 fulminant prisms
34 creatures vanquished.

Grand Total: 287 creatures vanquished

Notes
Turn   | Place    | Note
-------+----------+-------------------------------------------
     0 | D:1      | pkoi the Demigod Conjurer began the quest for the Orb.
     0 | D:1      | Reached XP level 1. HP: 14/14 MP: 5/5
   392 | D:1      | Reached skill level 4 in Conjurations
   436 | D:1      | Reached XP level 2. HP: 14/20 MP: 0/7
  1743 | D:2      | Reached XP level 3. HP: 26/26 MP: 5/8
  1872 | D:2      | Learned a level 2 spell: Searing Ray
  2045 | D:2      | Noticed Sigmund
  2678 | D:2      | Reached skill level 5 in Conjurations
  3351 | D:3      | Reached XP level 4. HP: 27/33 MP: 1/9
  4429 | D:3      | Found a runed translucent door.
  4430 | D:3      | Noticed Crazy Yiuf
  4448 | D:4      | Noticed Robin
  4495 | D:4      | Reached skill level 6 in Conjurations
  4495 | D:4      | Reached XP level 5. HP: 38/38 MP: 5/10
  4663 | D:4      | Noticed an ogre
  4680 | D:4      | Killed an ogre
  4962 | D:4      | Noticed Grinder
  4970 | D:4      | Learned a level 4 spell: Iskenderun's Mystic Blast
  4990 | D:4      | Killed Grinder
  4991 | D:4      | Reached skill level 7 in Conjurations
  4991 | D:4      | Reached XP level 6. HP: 26/45 MP: 3/11
  5304 | D:4      | Killed Robin
  6251 | D:4      | Found a staircase to the Ecumenical Temple.
  6260 | Temple   | Entered the Ecumenical Temple
  6834 | D:4      | Noticed Menkaure
  6840 | D:4      | Killed Menkaure
  6841 | D:4      | Reached XP level 7. HP: 50/50 MP: 8/13
  7040 | D:5      | Entered Level 5 of the Dungeon
  7040 | D:5      | Noticed Eustachio
  7042 | D:5      | Found a glowing drain.
  7064 | D:5      | Killed Eustachio
  7065 | D:5      | Reached skill level 1 in Hexes
  7065 | D:5      | Reached skill level 1 in Evocations
  7153 | Sewer    | Entered a sewer
  7885 | Sewer    | Learned a level 4 spell: Fulminant Prism
  7896 | Sewer    | Reached skill level 1 in Fighting
  8784 | D:5      | Noticed Pikel
  8793 | D:5      | Killed Pikel
  8794 | D:5      | Reached skill level 8 in Conjurations
  8794 | D:5      | Reached XP level 8. HP: 50/60 MP: 2/15
  9946 | D:6      | Noticed Prince Ribbit
 10007 | D:6      | Killed Prince Ribbit
 10277 | D:6      | Reached XP level 9. HP: 65/68 MP: 4/16
 10780 | D:6      | Noticed Blork the orc
 10791 | D:6      | Killed Blork the orc
 12469 | D:8      | Reached skill level 1 in Armour
 12470 | D:8      | Reached skill level 1 in Short Blades
 12471 | D:8      | Reached skill level 5 in Translocations
 12785 | D:8      | Identified the +5 shortbow of Resourcefulness {flame,
                  | Dex+4}
 12846 | D:8      | Reached skill level 9 in Conjurations
 13000 | D:8      | Reached skill level 5 in Hexes
 13060 | D:8      | Found a flagged portal.
 13075 | Bailey   | Entered a bailey
 14739 | D:8      | Reached XP level 10. HP: 60/77 MP: 18/18
 15055 | D:9      | Noticed Maurice
 15161 | D:9      | Killed Maurice
 15367 | D:9      | Noticed a two-headed ogre
 15434 | D:9      | Killed a two-headed ogre
 16193 | D:9      | Noticed a boulder beetle
 16241 | D:9      | Found a staircase to the Lair.
 17259 | D:9      | Demolished by a boulder beetle

Illustrated notes

Levels and vault maps discovered:
D:1:      scummos_arrival_forest, layout_basic
D:2:      minmay_inner_zag, layout_basic, hex_tiny, nrook_mini_backslash,
          uniq_sigmund
D:3:      layout_basic, st_stairs_3, grunt_ministairs_1, uniq_crazy_yiuf_cottage
D:4:      layout_cave_pods, minmay_temple_entry_ruins, minmay_vboxes,
          uniq_menkaure, uniq_grinder, uniq_robin
D:5:      layout_basic, nicolae_gozag_cash_rules_everything_around_me,
          gup_sewer_entry_glass, uniq_pikel, uniq_eustachio
D:6:      layout_loops_ring, uniq_prince_ribbit1, uniq_blork_the_orc
D:7:      layout_rooms, serial_co_window_serial, co_window_paths_a,
          co_window_paths_a, co_window_paths_b, co_window_corner_a,
          co_window_paths_b, co_window_corner_a, co_window_paths_a,
          co_window_corner_b, co_window_of_opportunity_b, co_window_corner_b,
          co_window_unsneaky_path_d, co_window_corner_cb, co_window_paths_d,
          glass_columns_a, glass_columns_c, serial_park_tiny_2,
          chequers_decorated_corner
D:8:      layout_basic, enter_bailey_5, grunt_ministairs_9,
          chequers_serial_rivers_micro_d
D:9:      layout_cave_pools, lair_entry_dummy, uniq_maurice
Temple:   mainiacjoe_temple_circle_huts

Skill      XL: |  1  2  3  4  5  6  7  8  9 10 |
---------------+-------------------------------+-----
Conjurations   | 4 5 6 7 8 9 |  9.6
Translocations | 2 3 4 5 |  5.7
Spellcasting   | 2 3 |  3.5
Dodging        | 2 3 4 |  4.0
Hexes          | 2 3 5 |  5.8
Evocations     | 1 2 3 |  3.7
Fighting       | 1 2 3 |  3.0
Armour         | 2 3 |  3.0
Short Blades   | 2 |  2.9
Stealth        | 2 |  2.9

Action                   |  1- 3 |  4- 6 |  7- 9 | 10-12 || total
-------------------------+-------+-------+-------+-------++-------
Melee: Dagger            |     4 |       |       |       ||     4
       Punch             |     1 |       |     2 |       ||     3
       Short sword       |       |     6 |    34 |     5 ||    45
 Cast: Magic Dart        |   101 |    83 |   107 |     8 ||   299
       Searing Ray       |     2 |     7 |    59 |     1 ||    69
       Iskenderun's Myst |       |       |    15 |    32 ||    47
       Fulminant Prism   |       |       |    21 |    13 ||    34
  Use: Scroll            |     2 |     5 |    12 |     4 ||    23
       Potion            |     1 |     4 |       |       ||     5
 Stab: Sleeping          |       |     1 |     1 |       ||     2
Armor: Robe              |     3 |     2 |    17 |     8 ||    30
       Animal skin       |       |     4 |     9 |       ||    13
Dodge: Dodged            |    17 |     5 |    59 |    26 ||   107
Block: Other             |       |     3 |    18 |    12 ||    33
       Reflection        |       |       |     1 |     8 ||     9
